 Dungeon Crawl Stone Soup version 0.21.0-37-g46506fa5f3 (webtiles) character file.

272 DildoBatman the Sneak (level 6, -3/48 HPs)
             Began as a Formicid Enchanter on Jan 30, 2018.
             Was an Initiate of Ashenzari.
             Slain by an ogre
             ... wielding a +0 giant spiked club
              (14 damage)
             ... on level 4 of the Dungeon.
             The game lasted 00:16:43 (6620 turns).

DildoBatman the Sneak (Formicid Enchanter)          Turns: 6620, Time: 00:16:43

Health: -3/48      AC:  5    Str: 14    XL:     6   Next: 48%
Magic:  3/9        EV: 11    Int: 15    God:    Ashenzari [......]
Gold:   121        SH:  0    Dex: 11    Spells: 5/9 levels left

rFire    . . .     SeeInvis +   a - +0 quarterstaff
rCold    . . .     Gourm    .   (no shield)
rNeg     . . .     Faith    .   y - +0 ring mail
rPois    .         Spirit   .   (helmet unavailable)
rElec    .         Reflect  .   (no cloak)
rCorr    .         Harm     .   (no gloves)
MR       .....                  (no boots)
Stlth    ++........             (no amulet)
HPRegen  0.16/turn              t - ring of teleportation (curse)
MPRegen  0.11/turn              (no ring)

@: very slightly contaminated, starving
A: permanent stasis, dig shafts and tunnels, four strong arms, antennae 3
a: Dig, Shaft Self, Curse Item, Renounce Religion


You were on level 4 of the Dungeon.
You worshipped Ashenzari.
Ashenzari was noncommittal.
You were starving.

You visited 2 branches of the dungeon, and saw 5 of its levels.

You collected 121 gold pieces.

Inventory:

Hand Weapons
 a - a +0 quarterstaff (weapon)
 b - a +1 dagger
 c - a +0 short sword
Armour
 i - a +0 scale mail
 l - a +0 robe
 u - a +0 leather armour
 y - a +0 ring mail (worn)
Jewellery
 t - a cursed ring of teleportation (left hand)
Wands
 z - a wand of random effects (32)
 A - a wand of digging (8)
Scrolls
 e - 6 scrolls of identify {unknown}
 f - a scroll of magic mapping {unknown}
 g - 5 scrolls of teleportation {unknown}
 j - a scroll of immolation {unknown}
 k - a scroll of remove curse
 o - a scroll of amnesia {unknown}
 q - 3 scrolls of enchant armour {unknown}
 w - a scroll of enchant weapon {unknown}
 x - a scroll of fear {unknown}
Potions
 d - 3 potions of degeneration {unknown}
 h - 3 potions of mutation {unknown}
 m - a potion of invisibility {unknown}
 p - 2 potions of curing {unknown}
 r - 2 potions of brilliance {unknown}
 s - a potion of lignification {unknown}
 B - a potion of magic {unknown}
Books
 n - a book of Maledictions

   Spells                             Type                      Level
   a - Corona                         Hexes                        1
   b - Ensorcelled Hibernation        Hexes/Ice                    2
   c - Confuse                        Hexes                        3
   d - Tukima's Dance                 Hexes                        3
   e - Dazzling Spray                 Conjuration/Hexes            3
Comestibles
 v - 7 rations


   Skills:
 - Level 4.0 Fighting
 - Level 1.0 Short Blades
 - Level 3.0 Armour
 * Level 2.7 Dodging
 - Level 5.0 Stealth
 - Level 2.1 Spellcasting
 - Level 3.6 Hexes


You had 5 spell levels left.
You knew the following spells:

 Your Spells              Type           Power        Failure   Level  Hunger
a - Corona                Hex            ##.....      10%         1    #......
b - Confuse               Hex            ##......     28%         3    ###....


Dungeon Overview and Level Annotations

Branches:
Dungeon (4/15)             Temple (1/1) D:4

Altars:
Ashenzari
Cheibriados
Dithmenos
Fedhas
Gozag
Hepliaklqana
Kikubaaqudgha
Makhleb
Nemelex Xobeh
Okawaru
Qazlal
Ru
Trog
Uskayaw
Xom
Yredelemnul
Zin
The Shining One

Shops:
D:4 *

Annotations:
D:2 Grinder
D:3 exclusion: orc priest, Edmund, Jessica
D:4 exclusion: ogre, Blork the orc, Dowan, Duvessa


Innate Abilities, Weirdness & Mutations

You cannot be hasted, slowed, berserked, paralysed or teleported.
You can dig through walls and to a lower floor.
Your four strong arms can wield two-handed weapons with a shield.
You have a pair of large antennae on your head. (SInv)


Message History

Casting: Corona
Confirm with . or Enter, or press ? or * to list all spells.
Aiming: Confuse
Press: ? - help, Shift-Dir - straight line, f - ogre
Aim: an ogre, wielding a giant spiked club (chance to defeat MR: 43%)
You miscast Confuse.
You are very lightly contaminated with residual magic.
Nothing appears to happen.
The phantom blinks!
The ogre hits you with a giant spiked club!!
Casting: Confuse
Confirm with . or Enter, or press ? or * to list all spells.
Aiming: Confuse
Press: ? - help, Shift-Dir - straight line, f/p - ogre
Aim: an ogre, wielding a giant spiked club (chance to defeat MR: 43%)
You miscast Confuse.
You hear an indistinct dissonance whispering inside your mind.
You are starving!
The ogre hits you with a giant spiked club!
You die...

###.# ##.....## ###.# ##.#.#
##.......## ##.#.#
#####....###.........####....#
...........'.........'.......####
####......##.........####.......#
#.#.#.####.......## ##.#.##.# ##
#.##### ##.....## #.#.##.# .# #.#
##...## #...##.# .# #.# ##@##
#..###.# .# #.# #O# #......# .#
#.# #e# ##.##### .###.#
#######.## #.# ..##.# #........##
#.# .....# #.###.....## #.#
.###.#####.####...#.## #(# .#
#..........%W.....######.# ##
######...................#


You could see a phantom, Duvessa and an ogre.

Vanquished Creatures
  A hound (D:3)
  A bullfrog skeleton (D:4)
  Robin (D:4)
  6 adders
  3 oozes
  An adder skeleton (D:4)
  5 worms
  5 dart slugs
  4 leopard geckos
  8 orcs
  A giant cockroach (D:1)
  21 goblins
  9 hobgoblins
  5 jackals
  A quokka (D:2)
  7 bats
  2 frilled lizards
  7 kobolds
  10 rats
98 creatures vanquished.

Notes
Turn   | Place    | Note
-------+----------+-------------------------------------------
     0 | D:1      | DildoBatman the Formicid Enchanter began the quest for the Orb.
     0 | D:1      | Reached XP level 1. HP: 13/13 MP: 3/3
    17 | D:1      | Reached skill level 1 in Fighting
   258 | D:1      | Reached XP level 2. HP: 21/21 MP: 1/5
   670 | D:1      | Reached XP level 3. HP: 28/28 MP: 4/6
   675 | D:1      | Learned a level 3 spell: Confuse
  1608 | D:2      | Reached XP level 4. HP: 7/35 MP: 0/7
  1947 | D:2      | Reached skill level 1 in Armour
  1947 | D:2      | Reached skill level 4 in Stealth
  2710 | D:2      | Found a hazy altar of Hepliaklqana.
  2780 | D:2      | Reached XP level 5. HP: 29/41 MP: 5/8
  3194 | D:3      | Found a sparkling altar of Nemelex Xobeh.
  3209 | D:3      | Noticed Jessica
  4404 | D:3      | Found a stormy altar of Qazlal.
  4581 | D:3      | Found an ancient bone altar of Kikubaaqudgha.
  4909 | D:4      | Found Aairirchy's Alliterative Accessories.
  4949 | D:3      | Reached XP level 6. HP: 7/48 MP: 6/9
  5237 | D:4      | Noticed a phantom
  5295 | D:4      | Noticed Blork the orc
  5313 | D:4      | Noticed Grinder
  5522 | D:4      | Noticed Robin
  5882 | D:3      | Reached skill level 5 in Stealth
  5905 | D:4      | Killed Robin
  5953 | D:4      | Found a staircase to the Ecumenical Temple.
  5962 | Temple   | Entered the Ecumenical Temple
  6022 | Temple   | Became a worshipper of Ashenzari the Shackled
  6122 | D:4      | Found a glowing silver altar of Zin.
  6191 | D:4      | Noticed an ogre
  6263 | D:4      | Noticed Edmund
  6432 | D:4      | Noticed a phantom
  6562 | D:4      | Noticed Duvessa
  6562 | D:4      | Noticed Dowan
  6580 | D:4      | Found a shimmering altar of Xom.
  6602 | D:4      | Found a shadowy altar of Dithmenos.
  6602 | D:4      | Found a burning altar of Makhleb.
  6620 | D:4      | Slain by an ogre

Skill      XL: |  1  2  3  4  5  6 |
---------------+-------------------+-----
Fighting       | 1 2 3 4 |  4.0
Dodging        | 2 |  2.7
Armour         | 2 3 |  3.0
Stealth        | 4 5 |  5.0
Short Blades   | |  1.0
Spellcasting   | |  2.1
Hexes          | |  3.6

Action                   |  1- 3 |  4- 6 || total
-------------------------+-------+-------++-------
Melee: Dagger            |    87 |   130 ||   217
       Short sword       |    19 |   142 ||   161
       Mace              |       |    23 ||    23
       Quarterstaff      |       |    46 ||    46
 Cast: Corona            |    22 |    55 ||    77
       Confuse           |     3 |     4 ||     7
 Abil: Dig               |     2 |     9 ||    11
 Stab: Sleeping          |     7 |    11 ||    18
       Confused          |       |     2 ||     2
  Eat: Chunk             |     3 |    11 ||    14
       Ration            |       |     2 ||     2
Armor: Robe              |     8 |    44 ||    52
       Ring mail         |       |    40 ||    40
       Leather armour    |       |     7 ||     7
       Scale mail        |       |     2 ||     2
Dodge: Dodged            |    43 |   262 ||   305
